AoeStats
← fanta

African Clearing

504037235Analyzed
4v4 RM · 28d ago on Sep 3, 2026· 40m 51s· 8 players
Game mode
Random Map
Map size
Large (8 player)
Population
200
Speed
Normal
Resources
Standard
Victory
Conquest
Starting age
Dark Age
Ending age
Imperial Age
RankedLock teamsTeams togetherTeam positionsShared explorationLock speedFull tech treeHidden civsTurbo modeCheats
Victory
Defeat
🇳🇿 Bohemians · New Zealand
1057
+13
🇫🇷 Georgians · France
1049
+14
🇳🇱 Spanish · Netherlands
1043
+14
🇧🇪 Mongols · Belgium
1014
+16
🇦🇷 Vietnamese · Argentina
1074
-17
🇦🇷 Persians · Argentina
1025
-15
🇲🇽 Berbers · Mexico
991
-14
🇦🇷 Spanish · Argentina
920
-11
Saeer
3:54 Loom
13:50 Feudal Age
18:59 Castle Age
17:36 Stone Mining
18:12 Gold Mining
20:14 Town Watch
21:05 Wheelbarrow
23:05 Fervor
27:23 Fletching
28:57 Bloodlines
28:47 Husbandry
30:49 Forging
30:45 Scale Barding Armor
32:42 Bodkin Arrow
33:23 Iron Casting
33:08 Chain Barding Armor
34:22 Hand Cart
37:02 Double-Bit Axe
38:44 Town Patrol
Hola Conchita
4:17 Loom
14:04 Feudal Age
14:41 Double-Bit Axe
19:43 Castle Age
18:12 Stone Mining
21:24 Fletching
31:40 Gold Mining
alabataille
10:40 Loom
12:45 Feudal Age
13:55 Double-Bit Axe
18:33 Castle Age
22:14 Bow Saw
28:45 Bloodlines
29:26 Horse Collar
31:31 Heavy Plow
32:38 Wheelbarrow
33:24 Scale Barding Armor
35:03 Forging
36:02 Chain Barding Armor
39:47 Imperial Age
38:05 Iron Casting
39:53 Elite Monaspa
40:54 Conscription
41:31 Plate Barding Armor
fanta
15:19 Feudal Age
20:40 Castle Age
21:53 Loom
31:21 Double-Bit Axe
40:20 Wheelbarrow
Thổ Dân Da Đỏ
6:34 Loom
14:11 Feudal Age
15:17 Double-Bit Axe
15:07 Man-at-Arms
17:36 Gold Mining
18:47 Fletching
24:32 Castle Age
23:32 Padded Archer Armor
26:14 Bodkin Arrow
25:41 Crossbowman
27:25 Leather Archer Armor
27:53 Bow Saw
29:26 Thumb Ring
30:25 Ballistics
HUSEINMACO
6:16 Loom
12:53 Feudal Age
13:56 Double-Bit Axe
20:49 Castle Age
20:45 Horse Collar
22:04 Bow Saw
21:55 Heavy Plow
26:29 Fletching
26:40 Padded Archer Armor
28:29 Bodkin Arrow
31:08 Leather Archer Armor
31:15 Ballistics
31:33 Wheelbarrow
35:27 Hand Cart
39:56 Imperial Age
37:53 Bloodlines
40:49 Imperial Age
nahuelAOE2
6:56 Loom
13:32 Feudal Age
16:03 Double-Bit Axe
18:22 Forging
21:13 Fletching
26:58 Castle Age
26:00 Horse Collar
27:08 Bloodlines
28:25 Iron Casting
27:55 Scale Barding Armor
32:40 Chain Barding Armor
33:56 Husbandry
36:29 Gold Mining
37:13 Heavy Plow
AFABOSTERA
10:28 Loom
13:57 Feudal Age
25:32 Castle Age
24:51 Bloodlines
24:49 Scale Barding Armor
28:01 Husbandry
33:49 Double-Bit Axe
38:29 Imperial Age
37:22 Chain Barding Armor
40:38 Conscription
40:57 Plate Barding Armor
Connection lost

Rejoining the realm…

Still unreachable

The connection could not be restored.

Session expired

The server has moved on; the page needs a fresh start.